 Dungeon Crawl Stone Soup version 0.32-a0-656-g3542139ebd (webtiles) character file.

Game seed: 8340275863495087391

21 hikkokomori the Trooper (level 2, 0/24 HPs)
             Began as a Coglin Berserker on Mar 9, 2024.
             Was a Follower of Trog.
             Succumbed to an adder's poison
             ... on level 2 of the Dungeon.
             The game lasted 00:01:33 (830 turns).

hikkokomori the Trooper (Coglin Berserker)           Turns: 830, Time: 00:01:34

Health: 0/24       AC:  2    Str: 17    XL:     2   Next: 83%
Magic:  2/2        EV: 12    Int:  6    God:    Trog [*.....]
Gold:   77         SH:  0    Dex: 13    Spells: 1/1 levels left

rFire   . . .        a - +0 hand axe {Agustín}
rCold   . . .        c - +0 dagger {Francisco}
rNeg    . . .        b - +0 animal skin
rPois   .            (no helmet)
rElec   .            (no cloak)
rCorr   .            (no gloves)
SInv    .            (no boots)
Will    .....        (amulet unavailable)
Stlth   +            (ring unavailable)
HPRegen 0.24/turn    (ring unavailable)
MPRegen 0.08/turn    (no gizmo)

%: no passive effects
@: brilliant, lethally poisoned (0 -> -2), hasted, revving, very quick
A: off-hand wielding, slow wielding, warmup strikes, no jewellery
a: Invent Gizmo, Renounce Religion, Berserk


You were on level 2 of the Dungeon.
You worshipped Trog.
Trog was aware of your devotion.
You visited 1 branch of the dungeon, and saw 2 of its levels.

You collected 77 gold pieces.

Inventory:

Hand Weapons
 a - a +0 hand axe (weapon) {Agustín}
 c - a +0 dagger (offhand) {Francisco}
Missiles
 i - 4 boomerangs (quivered)
Armour
 b - a +0 animal skin (worn)
Scrolls
 d - a scroll of teleportation {unknown}
 e - a scroll of identify
Potions
 f - a potion of invisibility


   Skills:
 + Level 3.3 Fighting
 + Level 3.3 Axes
 - Level 2.0 Armour
 - Level 2.0 Dodging


You had one spell level left.
You didn't know any spells.
Your spell library was empty.

Dungeon Overview and Level Annotations

Branches:
Dungeon (2/15)

Altars:


Innate Abilities, Weirdness & Mutations

You can wield a second weapon in your off-hand.
It takes a long time for you to wield or remove held weapons.
Your first few attacks do less damage.
You cannot equip rings or amulets.


Message History

You are too injured to fight recklessly!
You are too injured to fight recklessly!
You are too injured to fight recklessly!
There are monsters nearby!
You feel very sick.
You closely miss the adder with your +0 hand axe.
The adder is lightly wounded.
You hit the adder with your +0 dagger.
You feel sick. The adder bites you.
You are lethally poisoned!
The adder poisons you! The adder bites you.
You hit the adder with your +0 hand axe.
The adder is severely wounded.
You hit the adder but do no damage.
You feel very sick. The adder misses you.
You hit the adder with your +0 hand axe.
You kill the adder!
Trog accepts your kill.
* * * LOW HITPOINT WARNING * * *
You feel very sick.
The frilled lizard hisses.
The frilled lizard misses you.
You hit the frilled lizard with your +0 dagger.
The frilled lizard is heavily wounded.
You miss the frilled lizard with your +0 hand axe.
* * * LOW HITPOINT WARNING * * *
You feel sick. The frilled lizard closely misses you.
You hit the frilled lizard with your +0 dagger.
You kill the frilled lizard!
Trog accepts your kill.
* * * LOW HITPOINT WARNING * * *
You feel sick.
It was a potion of haste.
You feel yourself speed up.
* * * LOW HITPOINT WARNING * * *
You feel sick.
It was a potion of brilliance.
You feel clever all of a sudden.
* * * LOW HITPOINT WARNING * * *
You feel sick.
You die...

#.##.###...####
##.##.# #.#.##.+
#..#..# #.#....#
##.##.##
#...#######
......#
###.....#?#
....###
#....####.# ....#
#.##.## .# ....#
#.##..###.##..##
...##
##.###..@†.......
#### #..#
#####.......
###†## ##?.#.. #
#...# ##
#######.###
#.......#
..####### >## ##


There were no monsters in sight!

Vanquished Creatures
  An adder (D:2)
  3 endoplasms
  A giant cockroach (D:2)
  A hobgoblin (D:1)
  A quokka (D:1)
  A ball python (D:2)
  A bat (D:1)
  2 frilled lizards (D:2)
  A kobold (D:1)
12 creatures vanquished.

Notes
Turn   | Place    | Note
-------+----------+-------------------------------------------
     0 | D:1      | hikkokomori the Coglin Berserker began the quest for the
                  | Orb.
     0 | D:1      | Reached XP level 1. HP: 18/18 MP: 1/1
   775 | D:2      | Reached XP level 2. HP: 23/24 MP: 2/2
   828 | D:2      | HP: 1/24 [poisoned by an adder]
   830 | D:2      | Succumbed to an adder's poison

Illustrated notes

Levels and vault maps discovered:
D:1:      spicycebolla_arrival_ecumenical, layout_basic,
          hangedman_decor_peaks_small
D:2:      layout_rooms, dk_noncrumbling_2

Skill      XL: |  1 |
---------------+----+-----
Armour         | 2 |  2.0
Dodging        | 2 |  2.0
Fighting       | |  3.3
Axes           | |  3.3

Action                     || total
---------------------------++-------
  Melee: Hand axe          ||    29
         Dagger            ||    27
    Use: Scroll            ||     1
         Potion            ||     2
   Stab: Sleeping          ||     1
 Armour: Animal skin       ||    14
  Dodge: Dodged            ||    13

Table legend: (Time is in decaauts)
 A = Elapsed time spent in this place.
 B = Non-inter-level travel time spent in this place.
 C = Inter-level travel time spent in this place.
 D = Time resting spent in this place.
 E = Time spent auto-exploring this place.
 F = Levels seen in this place.
 G = Mean time per level.
                   A        B        C        D        E       F      G
               +--------+--------+--------+--------+--------+-----+--------+
         Total |    831 |    813 |     18 |      0 |    705 |   2 |  415.5 |
       Dungeon |    831 |    813 |     18 |      0 |    705 |   2 |  415.5 |
               +--------+--------+--------+--------+--------+-----+--------+

Top non-repeatable levels by time:
     D:1: 726 daAuts
     D:2: 105 daAuts
